[Event "Titled Tuesday Blitz May 24 Early 2022"]
[White "Hernandez Jimenez, Alexander Andres"]
[Black "Provaznik, Michal"]
[WhiteFideId "3900452"]
[BlackFideId "315273"]
[WhiteElo "2098"]
[BlackElo "2176"]
[Result "1-0"]
[Round "05"]
[TimeControl "180+1"]
[Date "2022.05.25"]
[WhiteClock "0:01:09"]
[BlackClock "0:00:30"]

1. e4 c5 2. Nf3 Nc6 3. d4 cxd4 4. Nxd4 Nf6 5. Nc3 e6 6. Be2 Bc5 7. Nb3 Bb6 8. O-O O-O 9. Bg5 h6 10. Bh4 g5 11. Bg3 e5 12. h4 d6 13. hxg5 hxg5 14. Qd2 Nh7 15. Nd5 Be6 16. Rad1 Bc5 17. Nxc5 dxc5 18. c3 Rc8 19. f3 Qa5 20. a3 a6 21. Qe3 Rfd8 22. Nf6+ Nxf6 23. Qxg5+ Kf8 24. Qxf6 Qc7 25. Qh8+ Ke7 26. Bh4+ f6 27. Bxf6+ Kf7 28. Bxd8 Rxd8 29. Qh7+ Ke8 30. Qxc7 Rxd1 31. Rxd1 1-0


[Site "https://www.chess.com"]

[Event "Titled Tuesday Blitz May 24 Early 2022"]
[White "Horak, Martin"]
[Black "Al-Tarboush, Ward"]
[WhiteFideId "367095"]
[BlackFideId "7601450"]
[WhiteElo "1997"]
[BlackElo "2294"]
[Result "0-1"]
[Round "05"]
[TimeControl "180+1"]
[Date "2022.05.25"]
[WhiteClock "0:00:29"]
[BlackClock "0:00:36"]

1. e4 e6 2. d4 d5 3. Nd2 c5 4. exd5 Qxd5 5. Ngf3 cxd4 6. Bc4 Qd6 7. O-O Nf6 8. Nb3 Nc6 9. Re1 Be7 10. Nbxd4 Nxd4 11. Nxd4 O-O 12. c3 a6 13. Qf3 Qc5 14. Bd3 Bd6 15. h3 e5 16. Nf5 e4 17. Nh6+ Kh8 18. Rxe4 Nxe4 19. Qxe4 f5 20. Qh4 Qe5 21. Ng4 Qe1+ 22. Bf1 fxg4 23. Bh6 Qxa1 24. Bxg7+ Kxg7 25. Qg5+ Kh8 26. Qg7+ Kxg7 0-1


[Site "https://www.chess.com"]

[Event "Titled Tuesday Blitz May 24 Early 2022"]
[White "Hua, Lefong"]
[Black "Samadov, Read"]
[WhiteFideId "2602253"]
[BlackFideId "13417444"]
[WhiteElo "2626"]
[BlackElo "2778"]
[Result "1-0"]
[Round "05"]
[TimeControl "180+1"]
[Date "2022.05.25"]
[WhiteClock "0:00:32"]
[BlackClock "0:00:10"]

1. d4 Nf6 2. c4 e6 3. Nc3 Bb4 4. f3 c5 5. a3 Ba5 6. d5 b5 7. e4 O-O 8. e5 Ne8 9. f4 d6 10. Nf3 dxe5 11. fxe5 exd5 12. cxd5 Nc7 13. d6 Ne6 14. Bxb5 Nd7 15. O-O Bb7 16. Nd5 Kh8 17. Be3 Rb8 18. Bc4 Re8 19. b4 Bxd5 20. Bxd5 cxb4 21. axb4 Bb6 22. Qd2 Bxe3+ 23. Qxe3 Rxb4 24. Rxa7 h6 25. Bc6 Nec5 26. Rc1 Qb6 27. Rxd7 Nxd7 28. Qxb6 Rxb6 29. Bxd7 Rd8 30. Rc8 Rxc8 31. Bxc8 Rb5 32. d7 Rd5 33. Kf2 Kg8 34. Ke3 Kf8 35. Nd2 Ke7 36. Nc4 Rc5 37. Kd4 Rb5 38. Nd6 Rb2 39. Nb7 Rd2+ 40. Ke4 Rxd7 41. Bxd7 Kxd7 42. Kf5 Ke7 43. Nc5 g6+ 44. Ke4 f6 45. e6 Kd6 46. Kd4 f5 47. g3 g5 48. Kc4 f4 49. gxf4 gxf4 50. Kd4 f3 51. Ke3 1-0


[Site "https://www.chess.com"]

[Event "Titled Tuesday Blitz May 24 Early 2022"]
[White "Iljin, Timofey"]
[Black "Lauridsen, Jesper Morch"]
[WhiteFideId "14110180"]
[BlackFideId "1401890"]
[WhiteElo "2404"]
[BlackElo "2247"]
[Result "1-0"]
[Round "05"]
[TimeControl "180+1"]
[Date "2022.05.25"]
[WhiteClock "0:01:48"]
[BlackClock "0:00:07"]

1. d4 d5 2. c4 e6 3. Nc3 Nf6 4. cxd5 Nxd5 5. e4 Nxc3 6. bxc3 c5 7. Rb1 Nc6 8. Nf3 cxd4 9. cxd4 Bb4+ 10. Bd2 Bxd2+ 11. Qxd2 O-O 12. Bc4 b6 13. O-O Bb7 14. Rfe1 Rc8 15. Rbd1 Na5 16. Bd3 Nc4 17. Qe2 b5 18. h4 f5 19. exf5 Bxf3 20. Qxf3 Qxd4 21. Qh5 Nb2 22. Re4 Qf6 23. Rxe6 Qf7 24. Qxf7+ Rxf7 25. Rd2 Rc1+ 26. Kh2 Nxd3 27. Rxd3 Rxf5 28. Rd8+ Rf8 29. Rd7 Rxf2 30. Re8+ Rf8 31. Ree7 Kh8 32. Rxg7 Rc2 33. Rxh7+ Kg8 34. Rdg7# 1-0


[Site "https://www.chess.com"]

[Event "Titled Tuesday Blitz May 24 Early 2022"]
[White "Izzat, Kanan"]
[Black "Matlakov, Maxim"]
[WhiteFideId "13405209"]
[BlackFideId "4168003"]
[WhiteElo "2362"]
[BlackElo "2669"]
[Result "0-1"]
[Round "05"]
[TimeControl "180+1"]
[Date "2022.05.24"]
[WhiteClock "0:02:34"]
[BlackClock "0:02:43"]

1. e4 c5 2. Nf3 e6 3. c3 d5 4. exd5 exd5 5. d4 Nc6 6. Bb5 Bd6 7. O-O Ne7 8. dxc5 Bxc5 9. Nbd2 O-O 10. Nb3 Bb6 11. h3 h6 0-1


[Site "https://www.chess.com"]

[Event "Titled Tuesday Blitz May 24 Early 2022"]
[White "Jakubowski, Krzysztof"]
[Black "Jakubowska, Anna"]
[WhiteFideId "1112848"]
[BlackFideId "1121952"]
[WhiteElo "2365"]
[BlackElo "1878"]
[Result "1-0"]
[Round "05"]
[TimeControl "180+1"]
[Date "2022.05.25"]
[WhiteClock "0:01:08"]
[BlackClock "0:00:19"]

1. c4 e5 2. g3 Nc6 3. Bg2 g6 4. Nc3 Bg7 5. Rb1 d6 6. b4 Nge7 7. b5 Nd4 8. e3 Ne6 9. Nge2 h5 10. h3 c6 11. O-O Bd7 12. d4 exd4 13. exd4 Qc8 14. bxc6 bxc6 15. Ne4 O-O 16. Nxd6 Qd8 17. Ba3 Qa5 18. Bb4 Qxa2 19. Nc3 Qa6 20. d5 Nd4 21. Nce4 Rab8 22. Nc5 Qa2 23. Nxd7 Ne2+ 24. Kh2 Rxb4 25. Rxb4 Rd8 26. dxc6 Nc3 27. Qf3 1-0


[Site "https://www.chess.com"]

[Event "Titled Tuesday Blitz May 24 Early 2022"]
[White "Johnson, Ben"]
[Black "Khamdamova, Afruza"]
[WhiteFideId "2010917"]
[BlackFideId "14210444"]
[WhiteElo "2206"]
[BlackElo "1660"]
[Result "0-1"]
[Round "05"]
[TimeControl "180+1"]
[Date "2022.05.25"]
[WhiteClock "0:00:02"]
[BlackClock "0:00:20"]

1. Nf3 Nf6 2. c4 b6 3. g3 Bb7 4. Bg2 g6 5. b3 Bg7 6. Bb2 O-O 7. O-O c5 8. d4 cxd4 9. Nxd4 Bxg2 10. Kxg2 d6 11. Nc3 Qc7 12. Nd5 Qb7 13. Nf3 Nxd5 14. Bxg7 Kxg7 15. cxd5 Nd7 16. Qd4+ Nf6 17. e4 Rac8 18. Rac1 Qa6 19. Qb2 Qd3 20. e5 dxe5 21. Nxe5 Qxd5+ 22. Nf3 Rfd8 23. Qe2 e6 24. Kg1 Ne4 25. Rcd1 Nc3 26. Qb2 Qxf3 27. Rc1 Kg8 28. Rfe1 b5 29. Re3 Rd1+ 30. Rxd1 Qxd1+ 31. Kg2 Qd5+ 32. f3 Nd1 33. Re5 Nxb2 0-1


[Site "https://www.chess.com"]

[Event "Titled Tuesday Blitz May 24 Early 2022"]
[White "Juhasz, Agoston"]
[Black "Ramirez Vido, Robert Yorisan"]
[WhiteFideId "778346"]
[BlackFideId "3513823"]
[WhiteElo "2211"]
[BlackElo "2352"]
[Result "1/2-1/2"]
[Round "05"]
[TimeControl "180+1"]
[Date "2022.05.25"]
[WhiteClock "0:00:22"]
[BlackClock "0:00:08"]

1. Nf3 g6 2. d4 Nf6 3. c3 Bg7 4. Bf4 O-O 5. e3 c5 6. Nbd2 d6 7. h3 b6 8. Be2 Bb7 9. O-O Nbd7 10. a4 cxd4 11. exd4 a6 12. Re1 e5 13. dxe5 Nd5 14. Bg5 Qc7 15. exd6 Qxd6 16. Ne4 Qc7 17. Qb3 Rfe8 18. Bc4 Rxe4 19. Bxd5 Nc5 20. Qa2 Rxa4 21. Bxf7+ Qxf7 22. Qxf7+ Kxf7 23. Rxa4 Nxa4 24. Re7+ Kg8 25. Rxb7 Nxb2 26. Rxb6 Bxc3 27. Rb3 Bg7 28. Bf4 Nc4 29. Rb4 Na5 30. Kf1 Nc6 31. Rb6 Ne7 32. Be5 a5 33. Rb7 Bxe5 34. Nxe5 Nf5 35. Ng4 Ra6 36. Rb8+ Kg7 37. Rb7+ Kg8 38. Rb8+ Kg7 39. Rb7+ Kg8 1/2-1/2


[Site "https://www.chess.com"]

[Event "Titled Tuesday Blitz May 24 Early 2022"]
[White "Kalogridis, Antonios"]
[Black "Tristan, Leonardo"]
[WhiteFideId "25833901"]
[BlackFideId "113816"]
[WhiteElo "1596"]
[BlackElo "2404"]
[Result "1/2-1/2"]
[Round "05"]
[TimeControl "180+1"]
[Date "2022.05.24"]
[WhiteClock "0:00:09"]
[BlackClock "0:00:04"]

1. d4 d5 2. c4 e6 3. Nc3 a6 4. cxd5 exd5 5. Nf3 Nf6 6. g3 Bf5 7. Bg2 Nbd7 8. Qb3 Nb6 9. O-O Be7 10. Ne5 O-O 11. Na4 Nxa4 12. Qxa4 c6 13. Bf4 Qb6 14. Qb3 Qxb3 15. axb3 a5 16. Rfc1 Rfe8 17. Nf3 Bb4 18. Bf1 Ne4 19. h4 h6 20. Ne1 Nd2 21. Bxd2 Bxd2 22. Rd1 Bb4 23. Nd3 Bd6 24. e3 f6 25. Rdc1 Kf7 26. Nc5 Reb8 27. Bd3 Bg4 28. Na4 Bc7 29. Kf1 Re8 30. Be2 Bh3+ 31. Ke1 Re7 32. Kd2 Rae8 33. Nc5 Bc8 34. g4 g6 35. Nd3 Kg7 36. Nc5 f5 37. gxf5 gxf5 38. Rg1+ Kh7 39. Bd3 Kh8 40. Rg6 Rh7 41. Rag1 Rf8 42. Ne6 Bxe6 43. Rxe6 Bd8 44. h5 Rg7 45. Rxh6+ Rh7 46. Rgg6 Rxh6 47. Rxh6+ Kg7 48. Rg6+ Kh7 49. Re6 Kg7 50. Rg6+ Kh7 51. Rd6 Bh4 52. Ke2 Rf7 53. Re6 Kg7 54. Re5 f4 55. Rf5 fxe3 56. Rxf7+ Kxf7 57. Kxe3 Bg5+ 58. f4 Bf6 59. Bg6+ Kg7 60. Kd3 Kh6 61. Bf7 Bh4 62. Bg6 Bf2 63. f5 Bh4 64. Ke3 Bf6 65. Kd3 Kg5 66. Kc3 Bg7 67. Kd3 Bf6 68. Ke3 Bh8 69. Kd3 Bg7 70. Kc3 c5 71. Kd3 Bxd4 72. Bf7 Bxb2 73. Bxd5 b6 74. Kc4 Kxh5 75. Kb5 Bd4 76. Bc4 Kg5 77. Kxb6 Kxf5 78. Kxa5 Ke4 79. Kb5 Ke3 80. b4 cxb4 81. Kxb4 1/2-1/2


[Site "https://www.chess.com"]

[Event "Titled Tuesday Blitz May 24 Early 2022"]
[White "Kamsky, Gata"]
[Black "Martinez Alcantara, Jose Eduardo"]
[WhiteFideId "2000024"]
[BlackFideId "3805662"]
[WhiteElo "2645"]
[BlackElo "2690"]
[Result "0-1"]
[Round "05"]
[TimeControl "180+1"]
[Date "2022.05.24"]
[WhiteClock "0:00:01"]
[BlackClock "0:00:04"]

1. e4 c5 2. Nf3 d6 3. d4 cxd4 4. Nxd4 Nf6 5. Nc3 Nc6 6. Be2 e5 7. Nf3 Be7 8. O-O h6 9. Re1 Be6 10. Bf1 O-O 11. h3 Qc7 12. Nd5 Bxd5 13. exd5 Nb4 14. c4 a5 15. Be3 Nd7 16. Bd2 Bf6 17. Nh2 Bd8 18. a3 Na6 19. b4 f5 20. Rc1 axb4 21. axb4 e4 22. Qb3 Qb6 23. Qg3 Kh8 24. Rb1 Bf6 25. Kh1 Be5 26. Qh4 Bf6 27. Qg3 Bd4 28. Re2 Ne5 29. c5 Nxc5 30. f3 Ncd3 31. fxe4 Nf2+ 32. Rxf2 Bxf2 33. Qb3 fxe4 34. Be2 Rac8 35. Nf1 Qd4 36. Rd1 Nd3 37. Bg4 Rce8 38. Qb1 Qf6 39. Be2 Nf4 40. Bxf4 Qxf4 41. Qc2 Rc8 42. Qb3 Bb6 43. Qg3 Rc2 44. Qxf4 Rxf4 45. Bg4 g6 46. Ra1 Kg7 47. Ng3 e3 48. Bf3 Rxb4 49. Ne2 h5 50. Ra8 Bc7 51. Re8 Kf7 52. Rxe3 Bb6 53. Re6 Bc5 54. Kh2 Rd2 55. Kg3 h4+ 56. Kh2 Rd3 0-1


[Site "https://www.chess.com"]

[Event "Titled Tuesday Blitz May 24 Early 2022"]
[White "Karolczuk, Iwo"]
[Black "Xu, Yi"]
[WhiteFideId "21816972"]
[BlackFideId "8605564"]
[WhiteElo "2258"]
[BlackElo "2471"]
[Result "0-1"]
[Round "05"]
[TimeControl "180+1"]
[Date "2022.05.24"]
[WhiteClock "0:00:01"]
[BlackClock "0:00:24"]

1. e4 c5 2. Nf3 Nc6 3. Bb5 g6 4. Bxc6 bxc6 5. O-O Bg7 6. Re1 Nh6 7. c3 O-O 8. d4 cxd4 9. cxd4 d6 10. h3 f6 11. Nc3 Nf7 12. Be3 Rb8 13. Qd2 Qa5 14. Nd5 Qd8 15. Nc3 Bd7 16. Rac1 Kh8 17. b3 Qa5 18. Na4 Qh5 19. Nh2 f5 20. e5 g5 21. f4 h6 22. d5 cxd5 23. Rc7 Bxa4 24. bxa4 gxf4 25. Bxa7 Rbc8 26. Rxc8 Rxc8 27. exd6 Nxd6 28. Qxd5 Ne4 29. Nf3 Qg6 30. Bd4 Rc2 31. Bxg7+ Qxg7 32. Nh4 f3 33. Rxe4 Rxg2+ 34. Kf1 Rg1+ 35. Kf2 Qg3+ 36. Ke3 Re1+ 37. Kd3 Rd1+ 38. Ke3 Rxd5 0-1


[Site "https://www.chess.com"]

[Event "Titled Tuesday Blitz May 24 Early 2022"]
[White "Kejzar, Petra"]
[Black "Kholin, Aleksandr"]
[WhiteFideId "14610213"]
[BlackFideId "14179385"]
[WhiteElo "2004"]
[BlackElo "2481"]
[Result "1-0"]
[Round "05"]
[TimeControl "180+1"]
[Date "2022.05.25"]
[WhiteClock "0:00:17"]
[BlackClock "0:00:07"]

1. c4 e6 2. g3 d5 3. Bg2 Nf6 4. Nf3 Be7 5. O-O O-O 6. d4 dxc4 7. Qc2 a6 8. a4 Bd7 9. Qxc4 Bc6 10. Qc2 Nbd7 11. Nc3 a5 12. e4 h6 13. Rd1 b6 14. d5 exd5 15. exd5 Bb7 16. Bf4 Rc8 17. Nd4 Bd6 18. Bxd6 cxd6 19. Nc6 Bxc6 20. dxc6 Ne5 21. Nb5 d5 22. c7 Qd7 23. Ra3 Nc4 24. Rc3 Nd6 25. Nxd6 Qxd6 26. Rc6 Qb4 27. Bh3 Ng4 28. Qf5 Qxa4 29. Rdc1 h5 30. Qxh5 f5 31. Bxg4 fxg4 32. Qxd5+ Kh7 33. Qd3+ Kh8 34. R6c4 Qe8 35. Rxg4 Qe6 36. Rh4+ Kg8 37. Qh7+ Kf7 38. Rf4+ Ke8 39. Re4 1-0


[Site "https://www.chess.com"]

[Event "Titled Tuesday Blitz May 24 Early 2022"]
[White "Keller, Peter"]
[Black "Samaganova, Aleksandra"]
[WhiteFideId "1272105"]
[BlackFideId "13800221"]
[WhiteElo "2275"]
[BlackElo "1889"]
[Result "1-0"]
[Round "05"]
[TimeControl "180+1"]
[Date "2022.05.25"]
[WhiteClock "0:00:05"]
[BlackClock "0:00:04"]

1. e4 c5 2. c3 d5 3. exd5 Qxd5 4. d4 Nf6 5. Nf3 Bf5 6. Na3 Nc6 7. Be3 e6 8. Be2 cxd4 9. Nb5 Qd8 10. Nbxd4 Bd6 11. Nxf5 exf5 12. Qa4 O-O 13. Rd1 Qc7 14. O-O Rfe8 15. Qc2 Ng4 16. Qxf5 Bxh2+ 17. Kh1 Nce5 18. Nxh2 Nxh2 19. Kxh2 Nf3+ 20. Kh3 Qh2+ 21. Kg4 Ne5+ 22. Qxe5 Qxe5 23. Bf3 Re6 24. Kh3 Rd6 25. g3 Rxd1 26. Rxd1 Qf5+ 27. Kg2 Qc2 28. Rd7 Qxb2 29. Bxb7 Rb8 30. Bd5 Rf8 31. Bc5 Qxc3 32. Bxf8 Kxf8 33. Rxf7+ Ke8 34. Bb3 Qb2 35. Rxa7 Qd4 36. Rf7 Qe4+ 37. Rf3 Qb1 38. Re3+ Kd8 39. Rf3 Kd7 40. Rf7+ Ke8 41. Rxg7 Qe4+ 42. Kh2 h5 43. Rf7 Kd8 44. Rf4 Qd3 45. Rh4 Qg6 46. Kg2 Qf5 47. Rf4 Qc5 48. Bf7 Qc6+ 49. Kg1 Ke7 50. Bb3 Qc1+ 51. Kh2 Qc6 52. Rh4 Qg6 53. Rf4 Qb1 54. Rf3 Qe1 55. Re3+ Qxe3 56. fxe3 1-0


[Site "https://www.chess.com"]

[Event "Titled Tuesday Blitz May 24 Early 2022"]
[White "Kollars, Dmitrij"]
[Black "Bharath Subramaniyam H"]
[WhiteFideId "12909572"]
[BlackFideId "46634827"]
[WhiteElo "2584"]
[BlackElo "2242"]
[Result "0-1"]
[Round "05"]
[TimeControl "180+1"]
[Date "2022.05.24"]
[WhiteClock "0:00:20"]
[BlackClock "0:00:39"]

1. e4 c5 2. c3 Nf6 3. e5 Nd5 4. Bc4 Nb6 5. Bb3 Nc6 6. d4 cxd4 7. cxd4 e6 8. Nf3 d6 9. Qe2 Be7 10. O-O O-O 11. Nc3 Bd7 12. Bf4 d5 13. Rad1 Rc8 14. Bc2 Nc4 15. Qd3 g6 16. Bc1 Nb4 17. Qe2 Nxc2 18. Qxc2 b5 19. Qd3 b4 20. Ne2 Bb5 21. b3 Na3 22. Qe3 Rc2 23. Rfe1 Rxa2 24. Ng3 Nc2 25. Qh6 Nxe1 26. Ng5 Bxg5 27. Bxg5 f6 28. exf6 Rxf6 29. Nh5 Rf7 30. Bxd8 Raxf2 31. Nf6+ R7xf6 0-1


[Site "https://www.chess.com"]

[Event "Titled Tuesday Blitz May 24 Early 2022"]
[White "Korchmar, Vasiliy"]
[Black "Mortazavi, Ali"]
[WhiteFideId "24131750"]
[BlackFideId "401323"]
[WhiteElo "2370"]
[BlackElo "2339"]
[Result "0-1"]
[Round "05"]
[TimeControl "180+1"]
[Date "2022.05.25"]
[WhiteClock "0:00:12"]
[BlackClock "0:00:11"]

1. e4 c6 2. d4 d5 3. e5 Bf5 4. c4 dxc4 5. Bxc4 e6 6. Nc3 Nd7 7. Nge2 Ne7 8. Ng3 Bg6 9. h4 h6 10. h5 Bh7 11. O-O Nb6 12. Bb3 Ned5 13. Qg4 Qd7 14. a4 a5 15. Nce4 O-O-O 16. Bd2 Nb4 17. Bxb4 Bxb4 18. Qxg7 Bxe4 19. Nxe4 Qxd4 20. Nf6 Nd5 21. Bxd5 exd5 22. Qg3 Be7 23. Rfd1 Qb4 24. Qf3 Bxf6 25. Qxf6 Rhg8 26. Qxf7 Qe4 27. g3 Rdf8 28. Qe6+ Kb8 29. Ra3 Qe2 30. Rf1 Qxh5 31. Rb3 Qf7 32. Qxc6 Rxg3+ 33. Kh2 Rxb3 34. Qd6+ Ka8 35. e6 Qh5+ 36. Kg2 Rg8+ 37. Qg3 Rbxg3+ 38. fxg3 Qe2+ 39. Rf2 Qe4+ 40. Rf3 Qxe6 41. b3 Qe2+ 42. Rf2 Qe4+ 43. Rf3 d4 44. b4 d3 45. g4 d2 46. g5 Rxg5+ 47. Kh3 Qxf3+ 48. Kh4 Qg3# 0-1


[Site "https://www.chess.com"]

[Event "Titled Tuesday Blitz May 24 Early 2022"]
[White "Kosteniuk, Alexandra"]
[Black "Ianov, Viktor"]
[WhiteFideId "4128125"]
[BlackFideId "14102730"]
[WhiteElo "2682"]
[BlackElo "2486"]
[Result "0-1"]
[Round "05"]
[TimeControl "180+1"]
[Date "2022.05.25"]
[WhiteClock "0:00:30"]
[BlackClock "0:00:37"]

1. e4 d6 2. d4 Nf6 3. Nc3 c6 4. Be3 Nbd7 5. a4 e5 6. Qd2 Be7 7. Nf3 Ng4 8. O-O-O Nxe3 9. Qxe3 Qc7 10. h4 O-O 11. Ng5 Nf6 12. f3 a6 13. g4 b5 14. h5 Bb7 15. h6 g6 16. f4 Nxg4 17. Qg3 Nf6 18. fxe5 dxe5 19. dxe5 Nd7 20. Nf3 Nc5 21. Qg4 Bc8 22. Qf4 b4 23. Ne2 b3 24. c3 Qa5 25. Ned4 Qxa4 26. Kd2 Ne6 27. Qg3 c5 28. Nf5 Ra7 29. Nxe7+ Rxe7 30. Ke3 Bb7 31. Bd3 c4 32. Bb1 Qc6 33. Rd6 Qc5+ 34. Ke2 Qa5 35. Rhd1 Qa1 36. R6d2 Nc5 0-1


[Site "https://www.chess.com"]

[Event "Titled Tuesday Blitz May 24 Early 2022"]
[White "Kowalysko, Roman"]
[Black "Avazkhonov, Alikhon"]
[WhiteFideId "30918510"]
[BlackFideId "14208504"]
[WhiteElo "2159"]
[BlackElo "1739"]
[Result "1-0"]
[Round "05"]
[TimeControl "180+1"]
[Date "2022.05.25"]
[WhiteClock "0:00:47"]
[BlackClock "0:00:03"]

1. e4 c5 2. Nf3 d6 3. d4 cxd4 4. Nxd4 Nf6 5. Nc3 a6 6. Bg5 e6 7. f4 h6 8. Bh4 Be7 9. Qf3 Qc7 10. O-O-O Nbd7 11. Qg3 O-O 12. Be2 b5 13. Bf3 Bb7 14. e5 dxe5 15. fxe5 Bxf3 16. exf6 Qxg3 17. Bxg3 Bxd1 18. fxe7 Rfe8 19. Rxd1 Nf6 20. Bd6 Rac8 21. a4 bxa4 22. Nxa4 Kh7 23. Nb6 Ng8 24. Nxc8 Rxc8 25. Nc6 Kg6 26. Nd8 Nf6 27. Ba3 Ne8 28. Nb7 f6 29. Rd8 1-0


[Site "https://www.chess.com"]

[Event "Titled Tuesday Blitz May 24 Early 2022"]
[White "Kozak, Antoni"]
[Black "Sjugirov, Sanan"]
[WhiteFideId "21832030"]
[BlackFideId "4189302"]
[WhiteElo "2322"]
[BlackElo "2602"]
[Result "1/2-1/2"]
[Round "05"]
[TimeControl "180+1"]
[Date "2022.05.24"]
[WhiteClock "0:00:06"]
[BlackClock "0:01:01"]

1. Nf3 c5 2. c4 Nf6 3. Nc3 e6 4. g3 Nc6 5. Bg2 Qb6 6. O-O Be7 7. b3 d6 8. Bb2 e5 9. Ne1 O-O 10. Nc2 Be6 11. Ne3 Qd8 12. Ned5 Rb8 13. e3 Qd7 14. Kh1 Bg4 15. f3 Bh5 16. Nxf6+ Bxf6 17. Nd5 Bd8 18. d3 Ne7 19. Nxe7+ Bxe7 20. g4 Bg6 21. f4 f6 22. Qf3 b5 23. Bc3 Bf7 24. h3 Rfd8 25. Qc6 b4 26. Be1 Qxc6 27. Bxc6 exf4 28. exf4 d5 29. Bf2 Rb6 30. cxd5 Bxd5+ 31. Bxd5+ Rxd5 32. Rfe1 Kf7 33. Rad1 Rbd6 34. Re3 f5 35. Kg2 Bf6 36. Rc1 Bd4 37. Rf3 Bb2 38. Rxc5 Bc3 39. Rxd5 Rxd5 40. d4 Ra5 41. a4 bxa3 42. Rxc3 a2 43. Rc1 a1=Q 44. Rxa1 Rxa1 45. d5 a5 46. Bb6 fxg4 47. hxg4 Ke7 48. Kf3 Kd6 49. Ke4 Re1+ 50. Kf5 Kxd5 51. Bxa5 Re6 52. g5 g6+ 53. Kg4 Re3 54. b4 Rb3 55. f5 gxf5+ 56. Kxf5 Rf3+ 57. Kg4 Ra3 58. Bd8 Ke4 59. b5 Ra1 60. b6 Rg1+ 61. Kh5 Kf5 62. Kh6 Rd1 63. Bc7 Rb1 64. Bd8 Rh1+ 65. Kg7 Rd1 66. Bc7 Rb1 67. Kxh7 Kxg5 68. Kg7 Kf5 69. Kf7 Rh1 70. Ke7 Rh7+ 71. Kd6 Rh6+ 72. Kc5 Rh1 73. Kc6 Rc1+ 74. Kd7 Rd1+ 75. Kc8 Rb1 76. b7 Ke6 77. b8=Q Rxb8+ 78. Kxb8 1/2-1/2


[Site "https://www.chess.com"]

[Event "Titled Tuesday Blitz May 24 Early 2022"]
[White "Kuderinov, Kirill"]
[Black "Cardoso Cardoso, Jose Gabriel"]
[WhiteFideId "13701568"]
[BlackFideId "4430492"]
[WhiteElo "2432"]
[BlackElo "2485"]
[Result "0-1"]
[Round "05"]
[TimeControl "180+1"]
[Date "2022.05.24"]
[WhiteClock "0:01:18"]
[BlackClock "0:00:58"]

1. c4 Nf6 2. Nc3 c5 3. d3 Nc6 4. g3 d5 5. cxd5 Nxd5 6. Bg2 Nc7 7. Nf3 e5 8. O-O Be7 9. Be3 O-O 10. Rc1 Be6 11. h4 h6 12. Na4 b6 13. a3 Nd5 14. b4 e4 15. dxe4 Nxe3 16. fxe3 Qxd1 17. Rfxd1 Bb3 18. b5 Bxa4 19. bxc6 Bxd1 20. Rxd1 Rfd8 21. Rd5 Rac8 22. Ne5 c4 23. Bh3 Rc7 24. Bd7 c3 25. Rd1 Bxa3 26. Nd3 c2 27. Ra1 c1=Q+ 28. Nxc1 Bxc1 29. Rxc1 Rdxd7 0-1


[Site "https://www.chess.com"]

[Event "Titled Tuesday Blitz May 24 Early 2022"]
[White "Kuznetsov, Mikhail"]
[Black "Richter, Nils"]
[WhiteFideId "4117190"]
[BlackFideId "12990809"]
[WhiteElo "1981"]
[BlackElo "2243"]
[Result "0-1"]
[Round "05"]
[TimeControl "180+1"]
[Date "2022.05.25"]
[WhiteClock "0:00:22"]
[BlackClock "0:00:18"]

1. Nf3 g6 2. g3 Bg7 3. d4 Nf6 4. Bg2 O-O 5. O-O d6 6. c4 Nc6 7. b3 e5 8. Bb2 e4 9. Ne1 Bf5 10. Nc2 Qd7 11. Ne3 Bh3 12. Nc3 Rfe8 13. Rc1 h5 14. Qd2 a5 15. Rfd1 Bxg2 16. Kxg2 Ng4 17. Ncd5 Ne7 18. Nxe7+ Rxe7 19. Nxg4 hxg4 20. e3 Qf5 21. d5 Be5 22. Bxe5 Rxe5 23. Qe2 Kg7 24. h4 gxh3+ 25. Kh2 Qf6 26. Rh1 Rf5 27. Rhf1 Rf3 28. Kxh3 Rh8+ 29. Kg2 Rf5 30. Rh1 Rfh5 31. Rxh5 Rxh5 32. Rh1 Qf3+ 33. Qxf3 exf3+ 34. Kg1 Rxh1+ 35. Kxh1 Kf6 36. Kh2 Ke5 37. g4 Ke4 38. Kg3 g5 39. a3 b6 40. a4 f6 41. Kh3 Kd3 42. Kg3 Kc3 43. Kxf3 Kxb3 44. Ke4 Kxc4 45. f4 b5 46. Kf5 bxa4 47. Kxf6 a3 48. fxg5 a2 49. g6 a1=Q+ 50. Kf7 Qf1+ 51. Ke7 Qf3 52. g7 Qxe3+ 53. Kf7 Qf4+ 54. Ke7 Qxg4 55. Kf7 Qxg7+ 56. Kxg7 a4 0-1


[Site "https://www.chess.com"]

[Event "Titled Tuesday Blitz May 24 Early 2022"]
[White "Kvaloy, Aksel Bu"]
[Black "Politov, Pavel Y."]
[WhiteFideId "1528815"]
[BlackFideId "24110515"]
[WhiteElo "2053"]
[BlackElo "2090"]
[Result "1-0"]
[Round "05"]
[TimeControl "180+1"]
[Date "2022.05.25"]
[WhiteClock "0:00:58"]
[BlackClock "0:00:09"]

1. e4 c5 2. Nf3 d6 3. d4 cxd4 4. Nxd4 Nf6 5. Nc3 a6 6. h4 e5 7. Nb3 Be6 8. f4 exf4 9. Bxf4 Nc6 10. Qd2 Ne5 11. O-O-O Be7 12. Be2 O-O 13. Kb1 b5 14. Qe3 b4 15. Nd5 Bxd5 16. exd5 Ned7 17. Bf3 a5 18. Nd4 Nb8 19. Nc6 Nxc6 20. dxc6 Qc7 21. g4 Rfb8 22. g5 Ne8 23. Rhe1 Bf8 24. h5 a4 25. g6 fxg6 26. hxg6 b3 27. Qe6+ Kh8 28. Bd5 Nf6 29. Rh1 h6 30. Bxh6 gxh6 31. Qxf6+ Bg7 32. Rxh6# 1-0


[Site "https://www.chess.com"]

[Event "Titled Tuesday Blitz May 24 Early 2022"]
[White "Lazavik, Denis"]
[Black "Antipov, Mikhail Al."]
[WhiteFideId "13515110"]
[BlackFideId "4107012"]
[WhiteElo "2437"]
[BlackElo "2512"]
[Result "1/2-1/2"]
[Round "05"]
[TimeControl "180+1"]
[Date "2022.05.24"]
[WhiteClock "0:00:27"]
[BlackClock "0:00:29"]

1. d4 Nf6 2. c4 g6 3. g3 c6 4. Nf3 d5 5. Qb3 Bg7 6. Bg2 O-O 7. Nc3 dxc4 8. Qxc4 Bf5 9. O-O Nbd7 10. a4 a5 11. Re1 Ne4 12. Qb3 Qb6 13. Qxb6 Nxb6 14. Nh4 Nxc3 15. Nxf5 gxf5 16. bxc3 Nd5 17. Bd2 e6 18. Rab1 Rfb8 19. c4 Nb4 20. e3 Bf8 21. c5 Nd5 22. Rb3 b5 23. cxb6 Bb4 24. Bxb4 Rxb6 25. Reb1 Rab8 26. Bxd5 cxd5 27. Kf1 axb4 28. Ke2 Kg7 29. Kd3 Kf6 30. R3b2 R6b7 31. Kc2 Rc7+ 32. Kd2 Rcb7 33. Rc1 Ra8 34. Ra1 b3 35. Kc3 Rc8+ 36. Kd3 Ra8 37. a5 Rb5 38. a6 Rb6 39. a7 Rb7 40. Ke2 Raxa7 41. Rxa7 Rxa7 1/2-1/2


[Site "https://www.chess.com"]

[Event "Titled Tuesday Blitz May 24 Early 2022"]
[White "Le, Tuan Minh"]
[Black "Rom, Jasper"]
[WhiteFideId "12401153"]
[BlackFideId "2023733"]
[WhiteElo "2950"]
[BlackElo "2447"]
[Result "1-0"]
[Round "05"]
[TimeControl "180+1"]
[Date "2022.05.25"]
[WhiteClock "0:01:49"]
[BlackClock "0:00:03"]

1. d4 d5 2. Nf3 e6 3. Bf4 Bd6 4. Bg3 Nf6 5. e3 b6 6. c4 Bb7 7. Nc3 O-O 8. Rc1 Nbd7 9. cxd5 Nxd5 10. Bd3 a6 11. a3 Qe7 12. Bh4 f6 13. Ne4 g5 14. Nxd6 cxd6 15. Bg3 e5 16. dxe5 dxe5 17. Bc4 Qf7 18. e4 b5 19. Bxd5 Bxd5 20. Qxd5 Qxd5 21. exd5 Nb6 22. O-O Nxd5 23. Rfd1 Rfd8 24. Nd2 Kf7 25. Ne4 Ra7 26. h4 h6 27. Rc6 Ke7 28. hxg5 hxg5 29. Nxf6 Nf4 30. Rxd8 Kxd8 31. Bxf4 gxf4 32. Re6 Re7 33. Rxe7 Kxe7 34. Ne4 Ke6 35. Nc5+ Kd5 36. Nxa6 Kc4 37. Nc7 1-0


[Site "https://www.chess.com"]

[Event "Titled Tuesday Blitz May 24 Early 2022"]
[White "Leschinsky, Gary"]
[Black "Gabrielian, Artur"]
[WhiteFideId "30951321"]
[BlackFideId "4131002"]
[WhiteElo "2411"]
[BlackElo "2750"]
[Result "0-1"]
[Round "05"]
[TimeControl "180+1"]
[Date "2022.05.25"]
[WhiteClock "0:00:01"]
[BlackClock "0:00:13"]

1. d4 Nf6 2. c4 c5 3. d5 e6 4. Nc3 exd5 5. cxd5 d6 6. e4 g6 7. Nge2 h5 8. Bg5 Bg7 9. f4 Nbd7 10. h3 O-O 11. Ng3 Qb6 12. Qd2 Nh7 13. Bh4 Re8 14. Be2 c4 15. O-O-O Nc5 16. Rhf1 Bd7 17. e5 Rac8 18. e6 fxe6 19. dxe6 Bxe6 20. f5 Bxf5 21. Nxf5 gxf5 22. Rxf5 Nd3+ 23. Bxd3 cxd3 24. Qxd3 Re3 25. Qd5+ Kh8 26. Rd3 Re2 27. Qb3 Bh6+ 28. Kb1 Qxb3 29. axb3 Rxg2 30. Rxh5 Bg7 31. Rxd6 Kg8 32. Rd3 a6 33. Ne4 Rxb2+ 0-1


[Site "https://www.chess.com"]